 Dungeon Crawl Stone Soup version 0.17.1-1-g73c8601 (webtiles) character file.

75994 Runnr the Peltast (level 15, -4/98 HPs)
             Began as a Gargoyle Fighter on Jan 3, 2016.
             Was the Champion of Makhleb.
             Killed from afar by a starcursed mass (13 damage)
             ... with an accursed screaming
             ... on level 1 of the Abyss.
             The game lasted 01:50:02 (24937 turns).

Runnr the Peltast (Gargoyle Fighter)               Turns: 24937, Time: 01:50:02

Health: -4/98      AC: 35    Str: 21    XL:     15   Next: 52%
Magic:  0/20       EV: 15    Int:  9    God:    Makhleb [******]
Gold:   1709       SH: 14    Dex: 14    Spells: 4 memorised, 4 levels left

rFire  + + .     SeeInvis .     W - +5 broad axe (chop)
rCold  + + .     Clarity  .     a - +2 plate armour {rF+}
rNeg   + . .     SustAt   .     c - +0 shield
rPois  ∞         Gourm    .     (no helmet)
rElec  +         Spirit   +     F - +0 cloak
rCorr  +         Warding  .     v - +2 pair of gloves
rMut   .         Stasis   .     R - +0 pair of boots
MR     +....                    A - amulet of guardian spirit
Stlth  ..........               T - ring of protection from cold
                                S - +5 ring of evasion

@: about to teleport, resistant, somewhat resistant to hostile enchantments,
extremely unstealthy
A: big wings, negative energy resistance 1, electricity resistance, unbreathing,
petrification resistance, rot immunity, AC +11
a: Fly, Minor Destruction, Lesser Servant of Makhleb, Major Destruction, Greater
Servant of Makhleb, Renounce Religion


You were on level 1 of the Abyss.
You worshipped Makhleb.
Makhleb was exalted by your worship.
You were hungry.

You visited 5 branches of the dungeon, and saw 24 of its levels.
You visited the Abyss 1 time.

You collected 2586 gold pieces.
You spent 877 gold pieces at shops.

Inventory:

Hand Weapons
 f - a +0 blowgun
 W - a +5 broad axe of chopping (weapon)
Missiles
 g - 7 curare-tipped needles
 s - 5 needles of confusion
 t - 64 poisoned needles
Armour
 a - a +2 plate armour of fire resistance (worn)
 c - a +0 shield (worn)
 v - a +2 pair of gloves (worn)
 F - a +0 cloak (worn)
 R - a +0 pair of boots (worn)
Jewellery
 u - an uncursed ring of teleportation
 A - an amulet of guardian spirit (around neck)
 D - an uncursed ring of ice
 I - a +2 ring of dexterity
 S - a +5 ring of evasion (left hand)
 T - a ring of protection from cold (right hand)
Wands
 i - a wand of digging (7)
 L - a wand of cold (4)
Scrolls
 b - a scroll of silence {unknown}
 e - 2 scrolls of teleportation
 j - 6 scrolls of remove curse
 k - a scroll of magic mapping
 p - 2 scrolls of holy word
 q - a scroll of acquirement
 r - a scroll of immolation
 w - a scroll of blinking
 x - 5 scrolls of enchant armour {unknown}
 y - 4 scrolls of enchant weapon
 B - 9 scrolls of fog
 C - 2 scrolls of amnesia {unknown}
 J - a scroll of recharging {unknown}
 V - a scroll of brand weapon {unknown}
 X - a scroll of vulnerability {unknown}
 Y - a scroll of summoning {unknown}
Potions
 d - 4 potions of might
 h - 2 potions of agility
 l - a potion of cure mutation
 m - 4 potions of haste
 o - a potion of magic
 z - 2 potions of flight
 G - 5 potions of brilliance
 K - 4 potions of cancellation
 N - a potion of berserk rage
 O - 2 potions of invisibility
Comestibles
 E - 13 bread rations
 M - 10 royal jellies
 P - 9 meat rations
 Q - 5 beef jerkies
 U - 3 fruits
 Z - a slice of pizza


   Skills:
 + Level 13.1 Fighting
 + Level 11.4 Axes
 + Level 13.2 Armour
 + Level 6.2 Dodging
 + Level 15.4 Shields
 - Level 7.7 Invocations


You had 4 spell levels left.
You knew the following spells:

 Your Spells              Type           Power        Failure   Level  Hunger
a - Song of Slaying       Chrm           #.......     100%        2    ###....
b - Regeneration          Chrm/Necr      #.........   100%        3    ####...
c - Spectral Weapon       Hex/Chrm       #.......     100%        3    ####...
d - Shroud of Golubria    Chrm/Tloc      #.........   100%        2    ###....


Dungeon Overview and Level Annotations

Branches:
Dungeon (10/15)            Temple (1/1) D:5            Lair (8/8) D:10
  Swamp (0/4) Lair:6        Snake (0/4) Lair:4        Slime (0/6) Lair:6
    Orc (4/4) D:10            Elf (1/3) Orc:4

Altars:
Ashenzari
Dithmenos
Elyvilon
Fedhas
Gozag
Kikubaaqudgha
Makhleb
Nemelex Xobeh
Okawaru
Qazlal
Ru
Sif Muna
Trog
Vehumet
Xom
Yredelemnul
Zin
The Shining One
Beogh

Shops:
Orc:2 [   Orc:4 (*[:

Annotations:
D:6 SirMumm's ghost, novice DEWz
D:8 Erolcha
Elf:1 Lanilor's ghost, journeyman MiBe


Innate Abilities, Weirdness & Mutations

You are resistant to torment.
Your stone body is resilient (AC +11).
You are immune to poison.
Your large and strong wings let you fly indefinitely.
You resist negative energy.
You are resistant to electric shocks.
You can survive without breathing.
You are immune to petrification.
You are immune to rotting.


Message History

You block the Executioner's attack. The Executioner hits you.
* * * LOW HITPOINT WARNING * * *
The Executioner hits you but does no damage.
The Executioner closely misses you. You block the Executioner's attack.
The Executioner hits you but does no damage.
The Executioner misses you.
Drink which item? (? for menu, Esc to quit)
You feel protected. The Executioner gestures at you.
You resist with significant effort. You block the Executioner's attack.
The Executioner hits you but does no damage.
You block the Executioner's attack. The Executioner gestures at you.
You resist with significant effort. You block the Executioner's attack.
The Executioner hits you but does no damage.
The Executioner barely misses you.
A deafening chorus of shrieks assaults your mind!
You die...

.# ## ##### # .
... ##. #.# # #
.. ..##.... # #
# . .. ..##.. ..
#...### . ##.##.
# .. .# .
#.#...##.#.#...
#.##X@# ) ### ..
# . #XX.#1# # #.
# ...X#.X#x.#..#
#.#.. #
.....XXXX..##.#
# .
......5.##..#..#
# #
....#.....#.##
... #..... ## #
.. #...## . .
.#... #


You could see 7 starcursed masses, an Executioner, an ancient zyme and a quasit.

Vanquished Creatures
  An orc warlord (Orc:4)
  Nessos (Orc:3)
  A catoblepas (Lair:5)
  3 death yaks (Lair:6)
  The ghost of Gargoyl the Skirmisher, a novice DsAK of Lugonu (Lair:1)
  An orc high priest (Orc:4)
  A deep elf knight (Elf:1)
  A small abomination (Elf:1)
  An unseen horror (D:10)
  5 orc sorcerers
  5 griffons
  7 orc knights
  A deep elf conjurer (Elf:1)
  A worldbinder (Abyss:1)
  A black mamba (Lair:7)
  Maurice (Orc:2)
  12 elephants
  The ghost of SirMumm the Destroyer, a novice DEWz of Vehumet (D:9)
  9 spiny frogs
  A centaur skeleton (D:10)
  9 komodo dragons
  An efreet (Abyss:1)
  3 spriggan druids
  4 fire drakes
  4 trolls
  2 deep elf priests (Elf:1)
  A queen bee (Lair:6)
  9 polar bears
  20 blink frogs
  2 boulder beetles (Lair:8)
  5 redbacks (Lair:8)
  14 spriggans
  4 deep elf magi
  51 yaks
  A deep elf fighter (Elf:1)
  4 basilisks
  4 wyverns
  2 hungry ghosts
  5 hippogriffs
  3 nagas (Lair:4)
  12 porcupines
  35 wolves
  3 swamp worms (Lair:6)
  4 wargs
  17 water moccasins
  30 orc warriors
  5 ice beasts
  A necrophage (D:9)
  9 ogres
  5 centaurs
  12 black bears
  3 sky beasts (D:5)
  4 wasps (Lair:8)
  3 phantoms
  16 crocodiles
  A big kobold (D:8)
  17 giant frogs
  4 scorpions
  27 killer bees
  4 wights (D:10)
  A quasit (D:9)
  2 crimson imps
  11 electric eels
  3 hounds
  38 orc wizards
  21 orc priests
  A starcursed mass (Abyss:1)
  2 giant frog skeletons
  3 jellies
  10 iguanas
  An iron imp (Abyss:1)
  A giant frog zombie (D:5)
  42 sheep
  3 worker ants
  A hound zombie (D:7)
  A hound skeleton (D:5)
  2 worker ant zombies
  7 gnolls
  28 river rats
  4 shadow imps
  8 adders
  An ooze (D:2)
  An adder skeleton (D:8)
  2 worms
  3 giant geckos
  145 orcs
  7 goblins
  11 hobgoblins
  7 kobolds
  4 quokkas
  2 ball pythons
  9 bats
  8 giant cockroaches
  8 giant newts
  4 jackals (D:8)
  8 rats
  3 fungi
  10 plants
838 creatures vanquished.

Vanquished Creatures (collateral kills)
  Gastronok (Lair:2)
  The ghost of konakona the Fighter, a journeyman MiBe of Trog (Lair:3)
  2 hydras
  2 death yaks (Lair:6)
  2 oklob plants
  2 elephants (Lair:7)
  A komodo dragon (Lair:3)
  A spiny frog (Lair:5)
  3 blink frogs (Lair:5)
  A hippogriff (Lair:7)
  3 swamp worms (Lair:6)
  A water moccasin (Lair:5)
  A fungus (Lair:5)
21 creatures vanquished.

Vanquished Creatures (others)
  A spriggan (Lair:8)
  A deep elf mage (Orc:4)
  A shadow imp (D:7)
  3 orcs (D:7)
  31 fungi
  5 plants
42 creatures vanquished.

Grand Total: 901 creatures vanquished

Notes
Turn   | Place    | Note
--------------------------------------------------------------
     0 | D:1      | Runnr the Gargoyle Fighter began the quest for the Orb.
     0 | D:1      | Reached XP level 1. HP: 14/14 MP: 1/1
   367 | D:1      | Reached XP level 2. HP: 19/19 MP: 2/2
   765 | D:2      | Reached XP level 3. HP: 22/24 MP: 3/3
  1313 | D:2      | Reached XP level 4. HP: 26/29 MP: 4/4
  1648 | D:3      | Reached skill level 4 in Armour
  1930 | D:3      | Noticed an ice beast
  1937 | D:3      | Killed an ice beast
  1937 | D:3      | Reached XP level 5. HP: 25/33 MP: 5/5
  2208 | D:3      | Reached XP level 6. HP: 26/39 MP: 6/6
  2573 | D:4      | Noticed an ogre
  2838 | D:4      | Reached XP level 7. HP: 25/44 MP: 7/7
  2957 | D:4      | Reached skill level 5 in Armour
  3135 | D:4      | Reached skill level 5 in Fighting
  3135 | D:4      | Reached skill level 5 in Shields
  3505 | D:5      | Entered Level 5 of the Dungeon
  3956 | D:5      | Found a staircase to the Ecumenical Temple.
  3996 | Temple   | Entered the Ecumenical Temple
  4053 | Temple   | Became a worshipper of Makhleb the Destroyer
  4224 | D:5      | Reached XP level 8. HP: 44/51 MP: 8/8
  4405 | D:6      | Reached skill level 6 in Fighting
  4827 | D:6      | Noticed SirMumm's ghost (novice DEWz)
  5324 | D:7      | Found a sacrificial altar of Ru.
  5324 | D:7      | Found a glowing golden altar of the Shining One.
  5356 | D:7      | Reached skill level 5 in Axes
  5887 | D:8      | Reached XP level 9. HP: 20/56 MP: 9/9
  6071 | D:8      | Found a bloodstained altar of Trog.
  6074 | D:8      | Reached skill level 7 in Fighting
  6084 | D:8      | Reached * piety under Makhleb
  7493 | D:7      | Reached skill level 8 in Shields
  7717 | D:7      | Found a deep blue altar of Sif Muna.
  7721 | D:7      | Found an opulent altar of Gozag.
  7722 | D:7      | Found a white marble altar of Elyvilon.
  7849 | D:8      | Noticed Erolcha
  7854 | D:8      | Paralysed by Erolcha for 6 turns
  7925 | D:8      | Found a glowing silver altar of Zin.
  7985 | D:8      | Reached ** piety under Makhleb
  7985 | D:8      | Reached XP level 10. HP: 64/64 MP: 10/10
  8728 | D:9      | Reached skill level 1 in Invocations
  9121 | D:9      | Killed SirMumm's ghost
  9349 | D:9      | Reached *** piety under Makhleb
  9349 | D:9      | Reached skill level 9 in Shields
  9626 | D:10     | Entered Level 10 of the Dungeon
  9873 | D:10     | Found a staircase to the Orcish Mines.
  9881 | D:10     | HP: 3/97 [porcupine's spines (3)]
 10077 | D:10     | Found a staircase to the Lair.
 10166 | D:10     | Killed an unseen horror
 10224 | D:10     | Reached XP level 11. HP: 44/71 MP: 9/13
 10391 | D:10     | Reached **** piety under Makhleb
 11031 | Lair:1   | Entered Level 1 of the Lair of Beasts
 11264 | Lair:1   | Reached skill level 10 in Shields
 11417 | Lair:1   | Reached ***** piety under Makhleb
 11498 | Lair:1   | Reached skill level 5 in Invocations
 11707 | Lair:1   | Reached skill level 10 in Armour
 11752 | Lair:1   | Noticed Gargoyl's ghost (novice DsAK)
 11922 | Lair:1   | Killed Gargoyl's ghost
 11922 | Lair:1   | Reached skill level 10 in Fighting
 12449 | Lair:2   | Reached XP level 12. HP: 76/78 MP: 16/16
 12776 | Lair:2   | Noticed Gastronok
 13109 | Lair:2   | Killed Gastronok
 13358 | Lair:3   | Noticed konakona's ghost (journeyman MiBe)
 13385 | Lair:3   | Killed konakona's ghost
 13385 | Lair:3   | Reached skill level 11 in Shields
 14800 | Lair:4   | Found a staircase to the Snake Pit.
 15007 | Lair:4   | Got a heavily runed chain mail
 15018 | Lair:4   | Identified the +3 chain mail "Forget-Me-Not" {rC- rN+ Str+4 Int+8} (You found it on level 4 of the Lair of Beasts)
 15099 | Lair:4   | Reached ****** piety under Makhleb
 15206 | Lair:4   | Reached skill level 1 in Dodging
 15664 | Lair:5   | Reached XP level 13. HP: 70/84 MP: 18/18
 15737 | Lair:5   | Noticed a catoblepas
 15753 | Lair:5   | Killed a catoblepas
 16198 | Lair:5   | Reached skill level 12 in Shields
 16669 | Lair:6   | Learned a level 2 spell: Song of Slaying
 16673 | Lair:6   | Learned a level 3 spell: Regeneration
 16677 | Lair:6   | Learned a level 3 spell: Spectral Weapon
 16680 | Lair:6   | Learned a level 2 spell: Shroud of Golubria
 16736 | Lair:6   | Reached skill level 10 in Axes
 17406 | Lair:6   | Found a staircase to the Slime Pits.
 17490 | Lair:6   | Found a staircase to the Swamp.
 17640 | Lair:6   | Identified a scroll of acquirement
 18388 | Lair:7   | Gained mutation: Your large and strong wings let you fly indefinitely. [Gargoyle growth]
 18388 | Lair:7   | Reached XP level 14. HP: 77/92 MP: 19/19
 18777 | Lair:7   | Reached skill level 5 in Dodging
 19528 | Lair:8   | Entered Level 8 of the Lair of Beasts
 19541 | Lair:8   | Reached skill level 13 in Shields
 21066 | Lair:2   | Reached skill level 14 in Shields
 21154 | Orc:1    | Entered Level 1 of the Orcish Mines
 21345 | Orc:2    | Found Yponius's Antique Armour Shop.
 21349 | Orc:2    | Bought a bloodstained plate armour for 756 gold pieces
 21363 | Orc:2    | Identified the cursed +1 plate armour of Puovaethris {+Blink} (You bought it in a shop on level 2 of the Orcish Mines)
 21380 | Orc:2    | Bought a pair of glowing gloves for 121 gold pieces
 21925 | Orc:1    | Reached XP level 15. HP: 97/97 MP: 20/20
 22278 | Orc:2    | Killed Maurice
 22444 | Orc:3    | Found a burning altar of Makhleb.
 22530 | Orc:3    | Noticed Nessos
 22552 | Orc:3    | Killed Nessos
 23050 | Orc:4    | Entered Level 4 of the Orcish Mines
 23050 | Orc:4    | Found Syer's Antique Armour Emporium.
 23080 | Orc:4    | Found a roughly hewn altar of Beogh.
 23159 | Orc:4    | Reached skill level 15 in Shields
 23450 | Orc:4    | Found Noklapte's General Store.
 23468 | Orc:4    | Paralysed by an orc sorcerer for 7 turns
 23918 | Orc:4    | Found Wodurhex's Book Boutique.
 23985 | Orc:4    | Found a staircase to the Elven Halls.
 24157 | Orc:4    | Found Hiuvawat's Antique Weapon Shop.
 24591 | Elf:1    | Entered Level 1 of the Elven Halls
 24607 | Elf:1    | Noticed a deep elf sorcerer
 24609 | Elf:1    | Noticed Lanilor's ghost (journeyman MiBe)
 24830 | Elf:1    | Cast into the Abyss (a deep elf sorcerer)
 24919 | Abyss:1  | Noticed an Executioner
 24926 | Abyss:1  | Paralysed by accursed screaming for 1 turns
 24929 | Abyss:1  | Paralysed by accursed screaming for 2 turns
 24932 | Abyss:1  | Paralysed by accursed screaming for 2 turns
 24937 | Abyss:1  | Killed from afar by a starcursed mass

Action                   |  1- 3 |  4- 6 |  7- 9 | 10-12 | 13-15 || total
-------------------------+-------+-------+-------+-------+-------++-------
Melee: War axe           |   119 |   192 |   487 |  1227 |  1171 ||  3196
       Broad axe         |       |       |       |       |   585 ||   585
Invok: Lesser Servant of |       |       |       |     6 |    18 ||    24
 Abil: Evoke Teleportati |       |       |     2 |     4 |       ||     6
Evoke: Wand              |       |       |       |     6 |       ||     6
  Use: Scroll            |       |     5 |     6 |    16 |     9 ||    36
       Potion            |       |     3 |     4 |     7 |     2 ||    16
 Stab: Distracted        |       |       |       |       |     6 ||     6
  Eat: Chunk             |     1 |     6 |    14 |    35 |    34 ||    90
       Royal jelly       |       |       |     1 |       |       ||     1
       Fruit             |       |       |     3 |     2 |       ||     5
       Beef jerky        |       |       |     1 |       |       ||     1
       Bread ration      |       |       |       |     1 |       ||     1
       Pizza             |       |       |       |     1 |       ||     1
